 Dungeon Crawl Stone Soup version 0.19-a0-19-gf75ed07 (webtiles) character file.

35180 epen the Covert (level 13, -2/95 HPs)
             Began as a Vampire Enchanter on Apr 30, 2016.
             Was a High Priest of Dithmenos.
             Slain by a black mamba (14 damage)
             ... on level 6 of the Lair of Beasts.
             The game lasted 01:12:01 (25184 turns).

epen the Covert (Vampire Enchanter)                Turns: 25184, Time: 01:12:02

Health: -2/95      AC:  8    Str:  7    XL:     13   Next: 46%
Magic:  20/24      EV: 22    Int: 18    God:    Dithmenos [*****.]
Gold:   973        SH:  6    Dex: 19    Spells: 6 memorised, 13 levels left

rFire  . . .     SeeInvis +     S - +3 dagger (venom)
rCold  + . .     Gourm    .     T - +2 robe {MR+}
rNeg   + + .     Faith    .     b - +0 buckler
rPois  +         Spirit   .     (no helmet)
rElec  .         Dismiss  .     t - +0 cloak
rCorr  .         Reflect  .     o - +0 pair of gloves
SustAt .         Harm     .     h - +0 pair of boots
MR     ++...                    (no amulet)
Stlth  ++++++++++               (no ring)
                                P - ring of wizardry

@: regenerating slowly, wreathed by umbra, repel missiles, very resistant to
hostile enchantments, uncannily stealthy
A: fangs 3, icy blue scales 1, see invisible, unbreathing
a: Bat Form, Shadow Step, Shadow Form, Renounce Religion


You were on level 6 of the Lair of Beasts.
You worshipped Dithmenos.
Dithmenos was extremely pleased with you.
You were very thirsty.

You visited 3 branches of the dungeon, and saw 20 of its levels.
You also visited: Sewer.

You collected 1063 gold pieces.
You spent 90 gold pieces at shops.

Inventory:

Hand Weapons
 F - a +0 blowgun
 S - a +3 dagger of venom (weapon)
Missiles
 A - 14 curare-tipped needles
Armour
 b - a +0 buckler (worn)
 h - a +0 pair of boots (worn)
 o - a +0 pair of gloves (worn)
 t - a +0 cloak (worn)
 T - a +2 robe of magic resistance (worn)
 U - a +2 robe of cold resistance
Jewellery
 r - an uncursed ring of ice
 N - an uncursed amulet of regeneration {unknown}
 P - a ring of wizardry (left hand)
Wands
 f - a wand of lightning (9/15)
 m - a wand of paralysis (10/24)
 v - a wand of slowing (35/48)
 w - a wand of lightning (4/15)
 C - a wand of iceblast (12/15)
 D - a wand of confusion (31/48)
 H - a wand of slowing (35/48)
 M - a wand of digging (15/24)
 R - a wand of lightning (2/15)
Scrolls
 i - 7 scrolls of magic mapping
 j - 3 scrolls of recharging
 l - 7 scrolls of teleportation
 n - 5 scrolls of blinking
 z - 13 scrolls of remove curse
 B - 2 scrolls of enchant weapon
 E - a scroll of fog
 J - a scroll of enchant armour
 L - 9 scrolls of identify
 O - 3 scrolls of amnesia
Potions
 a - 2 potions of magic
 d - 21 potions of blood
 e - 11 potions of flight
 g - 6 potions of curing
 k - 4 potions of cancellation
 p - 3 potions of heal wounds
 q - 3 potions of haste
 s - 2 potions of invisibility
 u - 4 potions of agility
 x - a potion of berserk rage
 K - 2 potions of brilliance
 Q - 2 potions of might
Books
 c - a book of Maledictions

   Spells                             Type                      Level
   a - Corona                         Hexes                        1
   b - Ensorcelled Hibernation        Hexes/Ice                    2
   c - Confuse                        Hexes                        3
   d - Tukima's Dance                 Hexes                        3
   e - Dazzling Spray                 Conjuration/Hexes            3
 y - a book of Air

   Spells                             Type                      Level
   a - Shock                          Conjuration/Air              1
   b - Swiftness                      Charms/Air                   2
   c - Repel Missiles                 Charms/Air                   2
   d - Static Discharge               Conjuration/Air              3
   e - Lightning Bolt                 Conjuration/Air              5
Miscellaneous
 G - a box of beasts
 I - a fan of gales


   Skills:
 + Level 6.7 Fighting
 * Level 11.8 Short Blades
 * Level 11.8 Dodging
 + Level 12.3 Stealth
 + Level 6.3 Shields
 + Level 7.5 Spellcasting
 + Level 11.8 Hexes
 + Level 4.9 Charms
 * Level 3.4 Invocations


You had 13 spell levels left.
You knew the following spells:

 Your Spells              Type           Power        Failure   Level  Hunger
a - Corona                Hex            #####..      1%          1    None
b - Ensorcelled Hibernat  Hex/Ice        ####..       1%          2    None
c - Tukima's Dance        Hex            #####...     1%          3    #......
d - Confuse               Hex            #####...     1%          3    #......
e - Dazzling Spray        Conj/Hex       ####....     1%          3    #......
f - Repel Missiles        Chrm/Air       ###...       3%          2    None


Dungeon Overview and Level Annotations

Branches:
Dungeon (12/15)            Temple (1/1) D:6            Lair (7/8) D:8
 Shoals (0/4) Lair:5        Snake (0/4) Lair:3        Slime (0/6) Lair:7
    Orc (0/2) D:10

Altars:
Ashenzari
Cheibriados
Dithmenos
Elyvilon
Fedhas
Gozag
Kikubaaqudgha
Makhleb
Nemelex Xobeh
Okawaru
Pakellas
Qazlal
Ru
Sif Muna
Trog
Vehumet
Xom
Yredelemnul
Zin
The Shining One
Jiyva

Shops:
D:7 ?   D:9 %

Portals:
Trove: D:12 (give +5 demon whip)

Annotations:
D:5 2 runed doors
D:10 Maud


Innate Abilities, Weirdness & Mutations

You heal slowly.
You have razor-sharp teeth.
You have supernaturally acute eyesight.
You can survive without breathing.
You are partially covered in icy blue scales (AC +1).


Message History

* * * LOW HITPOINT WARNING * * *
Read which item? (? for menu, Esc to quit)
Okay, then.
You can't do that in your present form.
The black mamba misses you. The black mamba completely misses you.
You can't do that in your present form.
The black mamba completely misses you.
Your transformation has ended.
Your +3 dagger of venom unmelds from your body.
Your +0 cloak unmelds from your body.
Your +0 pair of gloves unmelds from your body.
Your +0 pair of boots unmelds from your body.
Your +0 buckler unmelds from your body.
Your +2 robe of magic resistance unmelds from your body.
Your ring of wizardry unmelds from your body.
Your +3 dagger of venom begins to drip with poison!
You feel resistant to hostile enchantments.
The black mamba bites you!
You die...

......# #...........###
....#####.............# ##.##
#...........<..## ####
#...............#
##...........P### #
##............P######## #
####.............##....#.####
#####.##...#...............P....#
.##..#.P........@.........PPP...#
...รท......#.#####S..P............
#.P......#### #................
#...###### ##................
##### ##.#...............
#.#................
##.................
####.................
#.##.................


You could see a black mamba.

Vanquished Creatures
  Fannar (Lair:2)
  5 hydras
  3 death yaks
  Nergalle (Lair:2)
  Sonja (D:11)
  A griffon (Lair:5)
  2 ugly things
  A cyclops (D:11)
  3 black mambas
  A gargoyle (D:10)
  7 spiny frogs
  3 rime drakes
  6 komodo dragons
  4 trolls
  A merfolk (Lair:5)
  A two-headed ogre (D:8)
  8 blink frogs
  2 fire bats (Lair:2)
  22 yaks
  6 wyverns
  Grum (D:11)
  A human (D:9)
  2 basilisks
  6 hippogriffs
  6 nagas (Lair:3)
  3 water moccasins
  9 porcupines
  7 black bears
  3 orc warriors
  4 ice beasts
  A sky beast (D:9)
  2 wasps
  2 phantoms (D:9)
  4 ogres
  8 wolves
  7 centaurs
  14 crocodiles
  2 big kobolds
  Blork the orc (D:4)
  17 giant frogs
  2 gnoll sergeants
  5 scorpions
  A wyvern skeleton (D:10)
  10 killer bees
  4 wights (D:7)
  2 electric eels (D:9)
  7 howler monkeys (D:10)
  A centaur zombie (D:7)
  4 crimson imps
  5 giant frog zombies
  2 centaur skeletons
  4 hounds
  9 jellies
  Crazy Yiuf (D:6)
  5 orc priests
  9 orc wizards
  7 iguanas
  12 worker ants
  14 sheep
  4 hound skeletons
  Robin (D:4)
  3 worker ant zombies
  17 gnolls
  13 adders
  32 river rats
  A shadow imp (D:5)
  6 oozes
  An adder skeleton (D:4)
  3 adder zombies
  5 worms
  7 dart slugs
  8 giant geckos
  42 orcs
  5 giant cockroaches
  11 hobgoblins
  16 jackals
  2 quokkas
  8 bats
  3 giant newts
  33 goblins
  23 kobolds
  A kobold skeleton (D:9)
  5 rats
  A bush (D:6)
  2 fungi
536 creatures vanquished.

Vanquished Creatures (collateral kills)
  2 hill giants (D:10)
  A kobold (D:4)
3 creatures vanquished.

Vanquished Creatures (others)
  A dancing weapon (D:10)
  A fungus (Lair:5)
  2 plants (Lair:4)
4 creatures vanquished.

Grand Total: 543 creatures vanquished

Notes
Turn   | Place    | Note
--------------------------------------------------------------
     0 | D:1      | epen the Vampire Enchanter began the quest for the Orb.
     0 | D:1      | Reached XP level 1. HP: 13/13 MP: 3/3
   178 | D:1      | Reached XP level 2. HP: 7/19 MP: 3/5
  1119 | D:2      | Reached XP level 3. HP: 25/25 MP: 6/6
  2402 | D:2      | Found a deep blue altar of Sif Muna.
  2413 | D:2      | Found a shattered altar of Ashenzari.
  2469 | D:2      | Reached XP level 4. HP: 25/31 MP: 7/7
  3016 | D:2      | Learned a level 2 spell: Ensorcelled Hibernation
  3140 | D:2      | Reached skill level 5 in Hexes
  3170 | D:2      | Reached skill level 1 in Fighting
  3421 | D:3      | Found a glowing drain.
  3443 | Sewer    | Entered a sewer
  3528 | Sewer    | Noticed a big kobold
  3563 | Sewer    | Killed a big kobold
  3563 | Sewer    | Reached skill level 5 in Stealth
  3563 | Sewer    | Reached XP level 5. HP: 18/37 MP: 2/9
  3610 | Sewer    | Learned a level 3 spell: Tukima's Dance
  3692 | Sewer    | Found a white marble altar of Elyvilon.
  3970 | D:3      | Found a basalt altar of Yredelemnul.
  4244 | D:4      | Reached XP level 6. HP: 22/43 MP: 5/10
  4655 | D:4      | Reached skill level 6 in Stealth
  4758 | D:4      | Reached XP level 7. HP: 30/49 MP: 7/11
  4827 | D:4      | Noticed Robin
  4871 | D:4      | Killed Robin
  5060 | D:4      | Noticed Blork the orc
  5221 | D:4      | Learned a level 3 spell: Confuse
  5225 | D:4      | Learned a level 3 spell: Dazzling Spray
  5479 | D:4      | Found a radiant altar of Vehumet.
  5554 | D:4      | Found a deep blue altar of Sif Muna.
  5601 | D:5      | Entered Level 5 of the Dungeon
  5675 | D:5      | Found an opulent altar of Gozag.
  5731 | D:4      | Killed Blork the orc
  5885 | D:5      | Reached skill level 5 in Dodging
  5923 | D:5      | Reached skill level 5 in Short Blades
  6014 | D:5      | Reached XP level 8. HP: 49/56 MP: 13/13
  6533 | D:5      | Found a runed door.
  6548 | D:5      | Found a runed door.
  6997 | D:6      | Reached skill level 7 in Stealth
  7075 | D:6      | Found a staircase to the Ecumenical Temple.
  7110 | D:6      | Found a white marble altar of Elyvilon.
  7112 | Temple   | Entered the Ecumenical Temple
  7141 | Temple   | Became a worshipper of Dithmenos the Shadowed
  7798 | D:6      | Learned a level 2 spell: Repel Missiles
  7981 | D:6      | Noticed Crazy Yiuf
  7987 | D:6      | Killed Crazy Yiuf
  8077 | D:7      | Reached XP level 9. HP: 48/63 MP: 10/15
  8204 | D:7      | Found Qaufruc's Magic Scroll Shoppe.
  8211 | D:7      | Bought a scroll of teleportation for 45 gold pieces
  8211 | D:7      | Bought a scroll of teleportation for 45 gold pieces
  8395 | D:7      | Reached skill level 1 in Shields
  8613 | D:7      | Reached skill level 8 in Stealth
  8633 | D:7      | Reached * piety under Dithmenos
  9159 | D:8      | Found a staircase to the Lair.
 10140 | D:8      | Found a sacrificial altar of Ru.
 10186 | D:8      | Noticed a red ugly thing
 10195 | D:8      | Killed a red ugly thing
 10195 | D:8      | Reached skill level 5 in Spellcasting
 10204 | D:8      | Reached XP level 10. HP: 26/71 MP: 17/17
 10732 | D:9      | Found an oddly glowing altar of Pakellas.
 12013 | D:9      | Reached ** piety under Dithmenos
 12038 | D:9      | Found a runed door.
 12041 | D:9      | Found a basalt altar of Yredelemnul.
 12277 | D:9      | You fall through a shaft for 3 floors!
 12341 | D:12     | Found a portal to a secret trove of treasure.
 12395 | D:12     | Noticed a red ugly thing
 12410 | D:11     | Noticed a hill giant
 12421 | D:11     | Noticed a green ugly thing
 12457 | D:10     | Entered Level 10 of the Dungeon
 12481 | D:10     | Noticed a gargoyle
 12973 | D:9      | Reached skill level 9 in Stealth
 13706 | D:9      | Found Wurekhal's Food Boutique.
 14596 | D:10     | Found a staircase to the Orcish Mines.
 15123 | D:10     | Noticed a hill giant
 15142 | D:10     | Killed a hill giant
 15449 | D:10     | Killed a gargoyle
 15449 | D:10     | Reached XP level 11. HP: 65/78 MP: 12/19
 16035 | D:11     | Noticed Maud
 16065 | D:11     | Noticed a hill giant
 16089 | D:10     | Killed a hill giant
 16089 | D:10     | Reached skill level 10 in Hexes
 17143 | D:10     | Reached *** piety under Dithmenos
 17163 | D:11     | Noticed Grum
 17178 | D:11     | Killed Grum
 17220 | D:11     | Noticed Sonja
 17620 | D:11     | Reached skill level 5 in Fighting
 17620 | D:11     | Reached skill level 10 in Dodging
 17620 | D:11     | Reached skill level 10 in Stealth
 17787 | D:11     | Reached skill level 1 in Charms
 17797 | D:11     | Killed Sonja
 17963 | D:11     | Killed a green ugly thing
 18082 | D:11     | Noticed a white ugly thing
 18801 | Lair:1   | Entered Level 1 of the Lair of Beasts
 19010 | Lair:1   | Reached skill level 10 in Short Blades
 20092 | Lair:2   | Noticed Nergalle
 20096 | Lair:2   | Killed Nergalle
 20096 | Lair:2   | Reached skill level 5 in Shields
 20108 | Lair:2   | Reached **** piety under Dithmenos
 20218 | Lair:2   | Reached XP level 12. HP: 84/86 MP: 18/21
 20307 | Lair:2   | Noticed Fannar
 20324 | Lair:2   | Killed Fannar
 20575 | Lair:3   | Gained mutation: You tend to lose your temper in combat. [potion of mutation]
 20575 | Lair:3   | Gained mutation: You expend magic power (3 MP) to strengthen your wands. [potion of mutation]
 20575 | Lair:3   | Gained mutation: You are partially covered in icy blue scales (AC +1). [potion of mutation]
 20576 | Lair:3   | Gained mutation: Your muscles are strong. (Str +2) [potion of mutation]
 20576 | Lair:3   | Gained mutation: Armour fits poorly on your strangely shaped body. [potion of mutation]
 20577 | Lair:3   | Lost mutation: You expend magic power (3 MP) to strengthen your wands. [potion of cure mutation]
 20577 | Lair:3   | Lost mutation: You tend to lose your temper in combat. [potion of cure mutation]
 20577 | Lair:3   | Lost mutation: Armour fits poorly on your strangely shaped body. [potion of cure mutation]
 20577 | Lair:3   | Lost mutation: Your muscles are strong. (Str +2) [potion of cure mutation]
 20806 | Lair:3   | Reached skill level 11 in Stealth
 21236 | Lair:3   | Found a staircase to the Snake Pit.
 21953 | Lair:4   | Noticed a four-headed hydra
 21960 | Lair:4   | Killed a four-headed hydra
 22286 | Lair:4   | Noticed a four-headed hydra
 22289 | Lair:4   | Killed a four-headed hydra
 22289 | Lair:4   | Reached skill level 1 in Invocations
 22516 | Lair:4   | Reached ***** piety under Dithmenos
 23167 | Lair:5   | Reached XP level 13. HP: 94/94 MP: 13/23
 23878 | Lair:5   | Found a staircase to the Shoals.
 24017 | Lair:5   | Reached skill level 12 in Stealth
 25110 | Lair:7   | Found a viscous altar of Jiyva.
 25110 | Lair:7   | Found a staircase to the Slime Pits.
 25184 | Lair:6   | Slain by a black mamba

Vault maps used:
D:1:      dpeg_arrival_refuge
D:2:      amethyst_overflow_temple_binary, first_bread
D:3:      nicolae_overflow_crystal_walls, gup_sewer_entry_glass
D:4:      corexii_shantytown, vehumet_altar_wand_db, tgw_sif, uniq_robin
D:5:      lemuel_insect_pit, old_standard_altar, serial_co_window_serial,
          co_window_corner_a, co_window_corner_a, co_window_paths_a,
          co_window_of_opportunity_a, co_window_corner_a, co_window_paths_a,
          co_window_of_opportunity_a, co_window_paths_a, co_window_paths_a,
          co_window_of_opportunity_c, co_window_cross_2, co_window_2corner,
          glass_columns_a, glass_columns_a, glass_columns_a, glass_columns_a,
          glass_columns_a, minivault_26
D:6:      lemuel_crystal_altar, minmay_temple_entry_mist, minmay_bad_closet,
          uniq_crazy_yiuf_cottage
D:7:      serial_shops, shop
D:8:      nicolae_ru_the_path_less_chosen, lair_0_dummy
D:9:      grunt_pakellas_basics, serial_shops, shop_fountains,
          hangedman_little_slice_of_home, grunt_ministairs_11,
          dk_yredelemnul_ordeal
D:10:     david_orc_2
D:11:     uniq_maud, uniq_grum, uniq_sonja
D:12:     nicolae_trove_entry_free_sample
Temple:   circular_temple_12
Lair:2:   serial_bayou_shore_b, grunt_megastairs_1, infiniplex_staircase_pool,
          uniq_nergalle, uniq_fannar
Lair:3:   boulder_dual_corridor_run, minmay_snake_entry_guardpost_medium,
          st_stairs_11, beast_lair_carwin_2
Lair:4:   lemuel_old_faithful
Lair:5:   elwin_shoals_entry_rooms
Lair:6:   beast_lair_carwin_7, lemuel_fruit_fields
Lair:7:   slime_altar_1, small_statue_intersection, st_stairs_4,
          lemuel_fruit_tree
Sewer:    sewer_kobolds

Skill      XL: |  1  2  3  4  5  6  7  8  9 10 11 12 13 |
---------------+----------------------------------------+-----
Short Blades   | 2 3 4 5 6 7 9 10 11 | 11.8
Dodging        | 3 4 5 7 8 9 10 11 | 11.8
Hexes          | 5 6 7 8 9 10 11 | 11.8
Fighting       | 1 2 3 4 5 6 |  6.7
Stealth        | 5 6 7 8 9 10 11 12 | 12.3
Spellcasting   | 3 4 5 6 7 |  7.5
Shields        | 2 3 5 6 |  6.3
Charms         | 2 4 |  4.9
Invocations    | 2 3 |  3.4

Action                   |  1- 3 |  4- 6 |  7- 9 | 10-12 | 13-15 || total
-------------------------+-------+-------+-------+-------+-------++-------
Melee: Dagger            |   109 |   251 |   435 |   870 |   158 ||  1823
       Bite              |     6 |    16 |    44 |    83 |    15 ||   164
 Cast: Corona            |     2 |       |       |       |       ||     2
       Ensorcelled Hiber |       |    27 |    51 |   131 |    17 ||   226
       Tukima's Dance    |       |     3 |     2 |    13 |       ||    18
       Confuse           |       |       |     7 |    21 |     1 ||    29
       Dazzling Spray    |       |       |     2 |    26 |     6 ||    34
       Repel Missiles    |       |       |     1 |     1 |       ||     2
 Abil: End Transformatio |       |       |       |     4 |     1 ||     5
       Bat Form          |       |       |       |     4 |     1 ||     5
Evoke: Deck              |       |       |       |     1 |       ||     1
  Use: Scroll            |       |       |    15 |    13 |       ||    28
       Potion            |       |       |     1 |     9 |       ||    10
 Stab: Sleeping          |     8 |    37 |    67 |   143 |    33 ||   288
       Distracted        |       |       |     3 |     2 |       ||     5
       Confused          |       |       |     2 |    16 |     1 ||    19
       Invisible         |       |       |       |     5 |     3 ||     8
Armor: Robe              |    21 |    39 |    41 |    50 |    10 ||   161
Dodge: Dodged            |    53 |   125 |   183 |   444 |   102 ||   907
       Deflected         |       |       |       |     4 |       ||     4
Block: Buckler           |       |       |    14 |   134 |    28 ||   176
